 Dungeon Crawl Stone Soup version 0.18.1-8-gdd0e5ea (webtiles) character file.

501 Krapule the Slinger (level 7, 0/46 HPs)
             Began as a Halfling Hunter on May 27, 2016.
             Was an Initiate of Ashenzari.
             Killed by nerve-wracking pain
             ... invoked by a shadow imp
              (12 damage)
             ... on level 6 of the Dungeon.
             The game lasted 00:15:52 (3216 turns).

Krapule the Slinger (Halfling Hunter)               Turns: 3216, Time: 00:15:53

Health: 0/46       AC: 17    Str: 12    XL:     7   Next: 40%
Magic:  7/7        EV: 15    Int: 13    God:    Ashenzari [......]
Gold:   304        SH:  0    Dex: 17    Spells: 0 memorised, 6 levels left

rFire  . . .     SeeInvis .     b - +0 rapier
rCold  + . .     Gourm    .     c - +5 ring mail of Tostrof {Regen+ Int+3}
rNeg   . . .     Faith    .     (shield restricted)
rPois  +         Spirit   .     y - +0 helmet
rElec  .         Dismiss  .     l - +2 cloak of Luaddaob {+Fly rPois rC+ MR-} (curse)
rCorr  .         Reflect  .     s - +0 pair of gloves (curse)
SustAt .         Harm     .     n - +0 pair of boots
MR     .....                    (no amulet)
Stlth  ++........               (no ring)
                                (no ring)

@: not resistant to hostile enchantments, unstealthy
A: mutation resistance 1
a: Curse Item, Renounce Religion, Evoke Flight


You were on level 6 of the Dungeon.
You worshipped Ashenzari.
Ashenzari was noncommittal.
You were not hungry.

You visited 1 branch of the dungeon, and saw 7 of its levels.

You collected 304 gold pieces.

Inventory:

Hand Weapons
 a - a +2 hunting sling
 b - a +0 rapier (weapon)
Missiles
 d - 9 sling bullets
 g - 214 stones (quivered)
Armour
 c - the +5 ring mail of Tostrof (worn) {Regen+ Int+3}
   (You found it on level 4 of the Dungeon)

   It affects your intelligence (+3).
   It increases your rate of regeneration.
 l - the cursed +2 cloak of Luaddaob (worn) {+Fly rPois rC+ MR-}
   (You found it on level 4 of the Dungeon)

   It protects you from cold.
   It protects you from poison.
   It affects your resistance to hostile enchantments.
   It lets you fly.
   It has a curse placed upon it.
 n - a +0 pair of boots (worn)
 s - a cursed +0 pair of gloves (worn)
 y - a +0 helmet (worn)
Wands
 x - a wand of iceblast (2/15)
Scrolls
 i - 4 scrolls of recharging
 q - 2 scrolls of magic mapping
 t - 3 scrolls of identify
 z - a scroll of noise {unknown}
Potions
 e - a potion of degeneration {unknown}
 j - a potion of cure mutation {unknown}
 m - 2 potions of agility {unknown}
 r - 2 potions of lignification {unknown}
 u - a potion of ambrosia {unknown}
 v - a potion of curing {unknown}
Books
 o - a book of Party Tricks

   Spells                             Type                      Level
   a - Summon Butterflies             Summoning                    1
   b - Apportation                    Translocation                1
   c - Tukima's Dance                 Hexes                        3
   d - Alistair's Intoxication        Transmutation/Poison         5
   e - Invisibility                   Hexes                        6
Comestibles
 f - 5 bread rations
 h - 3 meat rations
 k - 2 beef jerkies
 p - 4 fruits
 w - a chunk of flesh


   Skills:
 + Level 3.0 Fighting
 + Level 2.7 Short Blades
 * Level 8.1 Slings
 + Level 2.7 Armour
 + Level 3.9 Dodging
 + Level 3.2 Stealth


You had 6 spell levels left.
You didn't know any spells.

Dungeon Overview and Level Annotations

Branches:
Dungeon (7/15)
 Temple: D:4-7

Altars:
Ashenzari
Cheibriados
Trog

Annotations:
D:4 Blork the orc


Innate Abilities, Weirdness & Mutations

You are small and have problems with some larger weapons.
You are somewhat resistant to further mutation.


Message History

The sling bullet barely misses the shadow imp.
The shadow imp misses you.
Firing (i - inventory. (,) - cycle):
d - 10 sling bullets (quivered)
Press: ? - help, Shift-Dir - straight line, f/p - shadow imp
Aim: a shadow imp You shoot a sling bullet.
The sling bullet hits the shadow imp but does no damage.
The shadow imp hits you but does no damage.
b - a +0 rapier (weapon)
The shadow imp gestures at you.
You barely resist. You hit the shadow imp.
The shadow imp is moderately wounded.
The shadow imp barely misses you.
You closely miss the shadow imp.
The shadow imp is moderately wounded.
The shadow imp shouts, "Crawl home, thou infectious folly-fallen peewee!"
The shadow imp gestures at you. Pain shoots through your body!
You die...

#..# ### #..# ..(#
########..##....
...............#
#.F...>......#
#..####F.###.# #.
#..#
#.##..####..###
#(....5@(.....#
####(.####..#.....
#r #..#...## #.
.....?... ..
........# ##
#.###.#.# ..# .#
.# #


You could see a shadow imp and a quokka (wandering).

Vanquished Creatures
  A centaur (D:3)
  An ogre (D:4)
  A giant frog (D:6)
  3 hounds
  An orc priest (D:3)
  An orc wizard (D:7)
  A worker ant (D:5)
  2 adders (D:2)
  A shadow imp (D:5)
  4 worms
  A dart slug (D:3)
  A giant gecko (D:2)
  6 orcs
  7 bats
  4 giant cockroaches
  7 hobgoblins
  A jackal (D:2)
  2 quokkas
  2 giant newts (D:2)
  5 goblins
  5 kobolds
  3 rats (D:1)
60 creatures vanquished.

Notes
Turn   | Place    | Note
--------------------------------------------------------------
     0 | D:1      | Krapule the Halfling Hunter began the quest for the Orb.
     0 | D:1      | Reached XP level 1. HP: 14/14 MP: 1/1
   201 | D:1      | Reached skill level 6 in Slings
   262 | D:1      | Reached XP level 2. HP: 19/19 MP: 2/2
   589 | D:2      | Reached XP level 3. HP: 24/24 MP: 3/3
   819 | D:2      | Reached skill level 1 in Short Blades
   864 | D:2      | Reached XP level 4. HP: 29/29 MP: 4/4
  1280 | D:2      | Reached skill level 1 in Armour
  1510 | D:3      | Found a snail-covered altar of Cheibriados.
  1574 | D:3      | Reached XP level 5. HP: 33/34 MP: 5/5
  1610 | D:3      | Found a shattered altar of Ashenzari.
  1616 | D:3      | Became a worshipper of Ashenzari the Shackled
  1937 | D:3      | Found a bloodstained altar of Trog.
  2169 | D:3      | Noticed a centaur
  2186 | D:3      | Killed a centaur
  2186 | D:3      | Reached skill level 7 in Slings
  2186 | D:3      | Reached XP level 6. HP: 19/41 MP: 6/6
  2450 | D:4      | Identified the +5 ring mail of Tostrof {Regen+ Int+3}
  2537 | D:4      | Noticed a slave
  2651 | D:4      | Got the uncursed cloak of Luaddaob {+Fly rPois rC+ MR-}
  2657 | D:4      | Identified the +2 cloak of Luaddaob {+Fly rPois rC+ MR-} (You found it on level 4 of the Dungeon)
  2806 | D:4      | Noticed an ogre
  2815 | D:4      | Killed an ogre
  2828 | D:4      | Noticed Blork the orc
  2834 | D:5      | Entered Level 5 of the Dungeon
  3041 | D:5      | Reached XP level 7. HP: 45/45 MP: 7/7
  3116 | D:5      | You fall through a shaft for 2 floors!
  3189 | D:7      | Reached skill level 8 in Slings
  3196 | D:7      | HP: 2/45 [orc priest/divine providence (10)]
  3216 | D:6      | Killed from afar by a shadow imp

Skill      XL: |  1  2  3  4  5  6  7 |
---------------+----------------------+-----
Slings         | 6 7 8 |  8.1
Fighting       | 2 3 |  3.0
Short Blades   | 1 2 |  2.7
Armour         | 1 2 |  2.7
Dodging        | 3 |  3.9
Stealth        | 2 3 |  3.2

Action                   |  1- 3 |  4- 6 |  7- 9 || total
-------------------------+-------+-------+-------++-------
Melee: Short sword       |    30 |    32 |       ||    62
       Rapier            |       |    14 |     2 ||    16
 Fire: Hunting sling     |    69 |    94 |    21 ||   184
Invok: Curse Item        |       |     2 |     1 ||     3
Evoke: Wand              |       |       |     1 ||     1
  Use: Scroll            |     4 |     6 |       ||    10
       Potion            |     1 |     1 |       ||     2
 Stab: Sleeping          |     3 |       |       ||     3
  Eat: Chunk             |       |     5 |     1 ||     6
       Pizza             |       |     1 |       ||     1
Armor: Leather armour    |     7 |     4 |       ||    11
       Scale mail        |       |     5 |       ||     5
       Ring mail         |       |    11 |     4 ||    15
Dodge: Dodged            |    34 |    41 |     8 ||    83
